 Dungeon Crawl Stone Soup version 0.29.1-13-g9f3cf754e1 (webtiles) character file.

Game seed: 3953644945646186653

2258 croobank the Conjurer (level 9, 0/66 HPs)
             Began as a Demonspawn Conjurer on Jan 22, 2023.
             Slain by an orc warrior
             ... wielding a +0 halberd
              (9 damage)
             ... on level 7 of the Dungeon.
             The game lasted 00:26:14 (10647 turns).

croobank the Conjurer (Demonspawn Conjurer)        Turns: 10647, Time: 00:26:15

Health: 0/66       AC:  3    Str:  7    XL:     9   Next: 15%
Magic:  0/15       EV: 13    Int: 24    God:
Gold:   235        SH:  4    Dex: 12    Spells: 6/16 levels left

rFire   . . .      SeeInvis +   e - +3 short sword (elec)
rCold   . . .      Faith    .   (no shield)
rNeg    . . .      Spirit   +   a - +1 robe
rPois   .          Reflect  .   (no helmet)
rElec   .          Harm     .   (no cloak)
rCorr   .          Rampage  .   (no gloves)
Will    .....                   (no boots)
Stlth   +++.......              (no amulet)
HPRegen 0.21/turn               p - ring of see invisible
MPRegen 0.28/turn               (no ring)

@: no status effects
A: claws 1, magic shield, magic regeneration, condensation shield
a: no special abilities


You were on level 7 of the Dungeon.
You visited 2 branches of the dungeon, and saw 9 of its levels.

You collected 277 gold pieces.
You spent 42 gold pieces at shops.

Inventory:

Hand Weapons
 b - a +1 scimitar
 e - a +3 short sword of electrocution (weapon)
 f - a +0 dagger of venom
 g - a +3 whip
 h - a +2 morningstar of protection
 i - a +1 dagger of speed
 l - a +3 short sword
 m - a +3 dagger
 r - a +3 falchion
 x - a +0 vorpal hand axe
Missiles
 d - a boomerang (quivered)
 w - a boomerang of dispersal
Armour
 a - a +1 robe (worn)
 n - a scarf of harm
Jewellery
 p - a ring of see invisible (left claw)
Wands
 u - a wand of polymorph (8)
 y - a wand of charming (12)
Scrolls
 s - a scroll of teleportation
 v - a scroll of poison
Potions
 c - a potion of cancellation
 k - 4 potions of curing
 o - a potion of mutation
 q - 2 potions of haste
 z - a potion of lignification
 B - a potion of attraction


   Skills:
 + Level 4.6 Fighting
 + Level 4.0 Short Blades
 + Level 4.2 Dodging
 + Level 4.5 Stealth
 + Level 4.3 Spellcasting
 + Level 5.9 Conjurations
 + Level 3.8 Hexes
 + Level 2.9 Translocations


You had 6 spell levels left.
You knew the following spells:

 Your Spells              Type           Power      Damage    Failure   Level
a - Magic Dart            Conj           100%       1d8       1%          1
b - Searing Ray           Conj           66%        2d6       1%          2
c - Dazzling Flash        Conj/Hex       56%        N/A       3%          3
d - Iskenderun's Mystic   Conj/Tloc      26%        2d7       16%         4

Your spell library contained the following spells:

 Spells                   Type           Power      Damage    Failure   Level
 Shock                    Conj/Air       76%        1d7       2%          1
 Stone Arrow              Conj/Erth      38%        3d9       9%          3
 Sandblast                Erth           10%        2d5       10%         1
 Fulminant Prism          Conj/Hex       14%        3d9       13%         4
 Passwall                 Tmut/Erth      4%         N/A       14%         2
 Iskenderun's Battlesphe  Conj           33%        2d9       22%         5
 Swiftness                Air            5%         N/A       28%         3
 Fireball                 Conj/Fire      9%         3d6       61%         5
 Airstrike                Air            2%         2d(1-17)  67%         4
 Petrify                  Tmut/Erth      5%         N/A       67%         4
 Metabolic Englaciation   Hex/Ice        7%         N/A       77%         5
 Conjure Ball Lightning   Conj/Air       9%         3x3d6     99%         6
 Statue Form              Tmut/Erth      3%         N/A       100%        6
 Orb of Destruction       Conj           16%        9d7       100%        7


Dungeon Overview and Level Annotations

Branches:
Dungeon (8/15)             Temple (1/1) D:4
   Lair: D:8-11

Altars:
Ashenzari
Cheibriados
Dithmenos
Fedhas
Hepliaklqana
Makhleb
Nemelex Xobeh
Okawaru
Qazlal
Ru
Sif Muna
Trog
Vehumet
Wu Jian
Xom
Yredelemnul

Shops:
D:4 (*


Innate Abilities, Weirdness & Mutations

You have sharp fingernails.
When hurt, damage is shared between your health and your magic reserves.
You regenerate magic rapidly.
A meltable shield of frost defends you. (SH +4)


Message History

The searing ray hits the orc warrior.
The orc warrior is moderately wounded.
The orc warrior completely misses you.
The searing ray misses the orc warrior.
You finish channelling your searing ray.
The orc warrior hits you from afar with a +0 halberd!
Casting: Searing Ray (safe; 1% risk of failure)
Confirm with . or Enter, or press ? or * to list all spells.
Aiming: Searing Ray (safe; 1% risk of failure)
Press: ? - help, Shift-Dir - straight line, f/p - orc warrior
Aim: an orc warrior, wielding a +0 halberd and wearing a +0 chain mail (moderately wounded, 78% to hit)
The searing ray misses the orc warrior. (Press . to maintain the ray.)
The orc warrior hits you from afar with a +0 halberd!
The searing ray hits the orc warrior.
The orc warrior is heavily wounded.
The orc warrior hits you from afar with a +0 halberd.
The searing ray hits the orc warrior.
The orc warrior is severely wounded.
The orc warrior misses you.
The searing ray hits the orc warrior but does no damage.
The orc warrior is severely wounded.
You finish channelling your searing ray.
The orc warrior hits you from afar with a +0 halberd!
Casting: Searing Ray (safe; 1% risk of failure)
Confirm with . or Enter, or press ? or * to list all spells.
Aiming: Searing Ray (safe; 1% risk of failure)
Press: ? - help, Shift-Dir - straight line, f/p - orc warrior
Aim: an orc warrior, wielding a +0 halberd and wearing a +0 chain mail (severely wounded, 78% to hit)
The searing ray hits the orc warrior.
The orc warrior is almost dead. (Press . to maintain the ray.)
The orc warrior hits you from afar with a +0 halberd!!
* * * LOW HITPOINT WARNING * * *
Without enough magic to sustain it, your searing ray dissipates.
The orc warrior hits you from afar with a +0 halberd.
* * * LOW HITPOINT WARNING * * *
Okay, then.
The orc warrior hits you from afar with a +0 halberd!
You die...

.. .# #.# ..# .##.#
.#.# ....# #.#.#
#.#.########### #.#$#
#.#...........# #$#o#
#.#...........#
#[#.##.............#
#.#.#.#...........#
#.#..#....@>.....#
..#####..##...........#
......o.###...o.......#
##!...........####....#
+............#..+....#
#............#..#......
#............#..#....##
#............'..#....#
#............#..#....#


You could see an orc warrior.

Vanquished Creatures
  Sigmund (D:2)
  2 water moccasins
  A sky beast (D:7)
  An ice beast (D:5)
  2 black bears
  3 ogres
  Blork the orc (D:5)
  2 bullfrogs
  A necrophage (D:5)
  2 scorpions
  3 wights
  4 killer bees
  A howler monkey (D:6)
  A jelly (D:7)
  2 orc priests
  3 hounds
  An iguana (D:5)
  Ijyb (D:5)
  Terence (D:2)
  2 orc wizards
  10 adders
  2 shadow imps
  2 white imps
  An ufetubus (D:4)
  2 worms (D:2)
  24 orcs
  5 endoplasms
  3 giant cockroaches
  10 goblins
  4 hobgoblins
  4 quokkas
  6 ball pythons
  3 bats
  4 frilled lizards
  8 kobolds
  2 rats
125 creatures vanquished.

Vanquished Creatures (others)
  An angel (D:4)
1 creature vanquished.

Grand Total: 126 creatures vanquished

Notes
Turn   | Place    | Note
-------+----------+-------------------------------------------
     0 | D:1      | croobank the Demonspawn Conjurer began the quest for the
                  | Orb.
     0 | D:1      | Reached XP level 1. HP: 13/13 MP: 3/3
   249 | D:1      | Gained mutation: You have sharp fingernails. [demonic
                  | ancestry]
   249 | D:1      | Reached XP level 2. HP: 19/19 MP: 5/5
   696 | D:1      | Learned a level 2 spell: Searing Ray
  1166 | D:2      | Noticed Terence
  1284 | D:2      | Gained mutation: You regenerate magic rapidly. [demonic
                  | ancestry]
  1284 | D:2      | Reached XP level 3. HP: 25/25 MP: 6/6
  1333 | D:2      | Reached skill level 1 in Fighting
  1385 | D:2      | Learned a level 3 spell: Dazzling Flash
  1526 | D:2      | Killed Terence
  1527 | D:2      | Gained mutation: A meltable shield of frost defends you.
                  | (SH +4) [demonic ancestry]
  1527 | D:2      | Reached XP level 4. HP: 24/32 MP: 3/7
  1614 | D:2      | Noticed Sigmund
  1623 | D:2      | Killed Sigmund
  1624 | D:2      | Reached skill level 1 in Hexes
  1624 | D:2      | Reached XP level 5. HP: 29/39 MP: 1/9
  2552 | D:3      | Found a faded altar of an unknown god.
  2703 | D:3      | Reached XP level 6. HP: 46/46 MP: 4/10
  3056 | D:4      | Found Ydusem's General Store.
  3065 | D:4      | Bought a scroll of teleportation for 42 gold pieces
  3184 | D:4      | Found Xougurex's Antique Armour Shoppe.
  3255 | D:4      | Found Izyocvu's Weapon Shop.
  3503 | D:4      | Reached skill level 1 in Short Blades
  3520 | D:4      | Killed an angel
  4028 | D:4      | Found a shimmering altar of Xom.
  4137 | D:4      | Found a staircase to the Ecumenical Temple.
  4150 | Temple   | Entered the Ecumenical Temple
  4290 | D:4      | Found a stormy altar of Qazlal.
  4344 | D:5      | Entered Level 5 of the Dungeon
  4344 | D:5      | Noticed Blork the orc
  4902 | D:4      | Learned a level 4 spell: Iskenderun's Mystic Blast
  4977 | D:5      | Reached skill level 1 in Translocations
  4977 | D:5      | Reached XP level 7. HP: 52/52 MP: 3/11
  5126 | D:5      | Reached skill level 5 in Conjurations
  5154 | D:5      | Noticed Ijyb
  5201 | D:5      | Killed Ijyb
  5408 | D:5      | Killed Blork the orc
  5465 | D:5      | Found a sacrificial altar of Ru.
  6449 | D:6      | Gained mutation: When hurt, damage is shared between your
                  | health and your magic reserves. [demonic ancestry]
  6449 | D:6      | Reached XP level 8. HP: 60/60 MP: 13/13
  7146 | D:6      | Found a bloodstained altar of Trog.
  9376 | D:7      | Reached XP level 9. HP: 46/66 MP: 5/15
  9646 | D:8      | HP: 3/66 [poisoned by a water moccasin]
  9651 | D:8      | HP: 1/66 [poisoned by a water moccasin]
 10647 | D:7      | Slain by an orc warrior

Illustrated notes

Levels and vault maps discovered:
D:1:      dpeg_arrival_pits, layout_loops_ring
D:2:      layout_rooms, uniq_terence, uniq_sigmund
D:3:      layout_rooms, ebering_ecumenical_altar_box
D:4:      layout_basic, grunt_temple_overflow_order_and_chaos_1,
          gammafunk_temple_overflow_pools, minmay_temple_entry_waves,
          serial_shops, nicolae_stop_n_shop_2,
          nicolae_shop_bloodbath_and_beyond, shop
D:5:      layout_cave_pods, mainiacjoe_overflow_small_starburst,
          grunt_ministairs_1, uniq_blork_the_orc, uniq_ijyb
D:6:      layout_rooms, trog_ov_bears_minmay
D:7:      statuecave_lemuel, layout_gridville, hangedman_decor_slide_cut,
          minmay_circle_x
D:8:      layout_loops_ring, mainiacjoe_overflow_alcove_1, lair_entry_dummy,
          serial_shops, nicolae_shop_behind_doors
Temple:   nicolae_temple_god_jail

Skill      XL: |  1  2  3  4  5  6  7  8  9 |
---------------+----------------------------+-----
Stealth        | 2 3 4 |  4.5
Dodging        | 2 3 4 |  4.2
Fighting       | 1 2 3 4 |  4.6
Hexes          | 1 2 3 |  3.8
Spellcasting   | 3 4 |  4.3
Short Blades   | 1 2 3 4 |  4.0
Translocations | 1 2 |  2.9
Conjurations   | 5 |  5.9

Action                   |  1- 3 |  4- 6 |  7- 9 || total
-------------------------+-------+-------+-------++-------
Melee: Short sword       |    24 |    48 |    41 ||   113
       Unarmed           |    10 |       |    32 ||    42
       Punch             |       |     1 |     3 ||     4
 Cast: Magic Dart        |    33 |    31 |    39 ||   103
       Searing Ray       |     6 |    26 |    48 ||    80
       Dazzling Flash    |     1 |     3 |     4 ||     8
       Iskenderun's Myst |       |       |     2 ||     2
  Use: Scroll            |       |    11 |     9 ||    20
       Potion            |       |       |     9 ||     9
 Stab: Sleeping          |     3 |       |     2 ||     5
       Invisible         |       |     2 |       ||     2
Armor: Robe              |     8 |     5 |    20 ||    33
       Skin              |       |       |     3 ||     3
Dodge: Dodged            |    22 |    53 |    97 ||   172
Block: Other             |       |    12 |    18 ||    30
